 Dungeon Crawl Stone Soup version 0.29-a0-319-gad05b8d819 (webtiles) character file.

Game seed: 12511264661447381354

54 GigaChad the Skirmisher (level 3, -1/40 HPs)
             Began as an Ogre Berserker on Apr 1, 2022.
             Was a Believer of Trog.
             Succumbed to an adder's poison
             ... on level 2 of the Dungeon.
             The game lasted 00:05:34 (1140 turns).

GigaChad the Skirmisher (Ogre Berserker)            Turns: 1140, Time: 00:05:35

Health: -1/40      AC:  4    Str: 21    XL:     3   Next: 91%
Magic:  3/3        EV: 10    Int:  8    God:    Trog [**....]
Gold:   109        SH:  0    Dex: 10    Spells: 2/2 levels left

rFire   . . .      SeeInvis .   a - +0 falchion
rCold   . . .      Faith    .   (no shield)
rNeg    . . .      Spirit   .   b - +1 animal skin
rPois   .          Reflect  .   (helmet restricted)
rElec   .          Harm     .   (no cloak)
rCorr   .          Rampage  .   (gloves unavailable)
Will    .....                   (boots unavailable)
Stlth   +.........              (no amulet)
HPRegen 0.13/turn               (no ring)
MPRegen 0.08/turn               (no ring)

@: lethally poisoned (-1 -> -9)
A: large, unfitting armour, tough skin 1
a: Renounce Religion, Berserk, Trog's Hand


You were on level 2 of the Dungeon.
You worshipped Trog.
Trog was pleased with you.
You visited 1 branch of the dungeon, and saw 2 of its levels.

You collected 109 gold pieces.

Inventory:

Hand Weapons
 a - a +0 falchion (weapon)
Missiles
 e - 4 atropa-tipped darts (quivered)
 h - 7 poisoned darts
Armour
 b - a +1 animal skin (worn)
 d - a +0 scale mail
Scrolls
 c - a scroll of teleportation
 l - a scroll of identify
 n - a scroll of fog
Potions
 f - a potion of brilliance {unknown}
 g - a potion of might {unknown}
 j - 2 potions of haste {unknown}
 k - a potion of lignification
 m - a potion of curing {unknown}


   Skills:
 + Level 4.6 Fighting
 + Level 3.3 Long Blades
 + Level 3.4 Dodging


You had 2 spell levels left.
You didn't know any spells.
Your spell library was empty.

Dungeon Overview and Level Annotations

Branches:
Dungeon (2/15)

Altars:


Innate Abilities, Weirdness & Mutations

You are too large for most types of armour.
You have tough skin. (AC +1)


Message History

a +0 short sword; a kobold corpse; an adder corpse
As you read the scroll labelled MAEXKYHO MIEFI, it crumbles to dust.
It is a scroll of amnesia.
You feel forgetful for a moment.
As you read the scroll labelled NORREXOXTI, it crumbles to dust.
The scroll dissolves into smoke.
It was a scroll of fog.
As you read the scroll labelled JODDEDD JUUNN, it crumbles to dust.
It is a scroll of identify.
k - a potion of lignification
As you read the scroll labelled PAUVIATUIT, it crumbles to dust.
It is a scroll of enchant armour.
Your +0 animal skin glows green for a moment.
As you read the scroll labelled ETIRAO KETIPS, it crumbles to dust.
You feel strangely unstable.
It was a scroll of teleportation.
Your surroundings suddenly seem different.
An adder comes into view.
Found 9 gold pieces.
The adder hisses angrily.
You barely miss the adder. The adder barely misses you.
You closely miss the adder. The adder bites you.
* * * LOW HITPOINT WARNING * * *
You are poisoned.
The adder poisons you! The adder bites you.
* * * LOW HITPOINT WARNING * * *
You miss the adder.
You feel sick. The adder bites you.
* * * LOW HITPOINT WARNING * * *
You hit the adder.
The adder is lightly wounded.
* * * LOW HITPOINT WARNING * * *
You feel sick. The adder bites you.
* * * LOW HITPOINT WARNING * * *
You are more poisoned.
The adder poisons you! The adder closely misses you.
You closely miss the adder.
The adder is lightly wounded.
* * * LOW HITPOINT WARNING * * *
You feel sick. The adder bites you but does no damage.
You completely miss the adder.
The adder is lightly wounded.
You die...

......#.#.♣P.♣
♣♣♣PPP# #.#
#......P.♣♣♣..P♣♣P..
#.###
#.##.#...♣....P.P...#
#...# #.
#.##..#...... #.##
#...# .
#..#.....##..# #...#
.# #.........#.#
#.#.## ..
.##.......$...#
#..♣.♣♣# ..
.............+
....♣..♣♣
#...@S....####..♣.P♣♣
#........## .#.♣..P.
#.#......# .#..♣♣P.P
# ##...#.# ♣♣P.
##+##.# ♣♣. # ##


You could see an adder.

Vanquished Creatures
  An adder (D:2)
  A worm (D:2)
  2 dart slugs (D:2)
  4 endoplasms
  2 giant cockroaches (D:1)
  3 goblins (D:1)
  2 hobgoblins
  5 quokkas
  5 ball pythons
  3 bats
  3 frilled lizards
  3 kobolds
  3 rats
37 creatures vanquished.

Vanquished Creatures (others)
  3 plants (D:2)
3 creatures vanquished.

Grand Total: 40 creatures vanquished

Notes
Turn   | Place    | Note
-------+----------+-------------------------------------------
     0 | D:1      | GigaChad the Ogre Berserker began the quest for the Orb.
     0 | D:1      | Reached XP level 1. HP: 24/24 MP: 1/1
   148 | D:1      | Reached XP level 2. HP: 30/32 MP: 2/2
   221 | D:1      | Found a faded altar of an unknown god.
   475 | D:2      | Reached XP level 3. HP: 21/40 MP: 3/3
   502 | D:2      | Reached ** piety under Trog
  1039 | D:2      | HP: 1/40 [dart slug/slug dart (3)]
  1139 | D:2      | HP: 1/40 [poisoned by an adder]
  1140 | D:2      | Succumbed to an adder's poison

Illustrated notes

Levels and vault maps discovered:
D:1:      beargit_arrival_greenhouse, layout_loops_ring,
          chequers_ecumenical_altar_simple
D:2:      layout_loops_corners, serial_forest, infiniplex_forest_corner_2,
          infiniplex_forest_clump_tiny, infiniplex_forest_clump_double,
          infiniplex_forest_lined_3, infiniplex_forest_clump_long,
          infiniplex_forest_straight_2, infiniplex_forest_clump_curved,
          infiniplex_forest_straight_4, hangedman_decor_slide_cut,
          grunt_ministairs_1, minmay_split_cup_small

Skill      XL: |  1  2 |
---------------+-------+-----
Long Blades    | 3 |  3.3
Dodging        | 3 |  3.4
Fighting       | |  4.6

Action                   || total
-------------------------++-------
Melee: Falchion          ||   173
  Use: Scroll            ||     6
Armor: Animal skin       ||    53
Dodge: Dodged            ||    96

Table legend: (Time is in decaauts)
 A = Elapsed time spent in this place.
 B = Non-inter-level travel time spent in this place.
 C = Inter-level travel time spent in this place.
 D = Time resting spent in this place.
 E = Time spent auto-exploring this place.
 F = Levels seen in this place.
 G = Mean time per level.
                   A        B        C        D        E       F      G
               +--------+--------+--------+--------+--------+-----+--------+
         Total |   1164 |   1129 |     35 |      0 |      0 |   2 |  582.0 |
       Dungeon |   1164 |   1129 |     35 |      0 |      0 |   2 |  582.0 |
               +--------+--------+--------+--------+--------+-----+--------+

Top non-repeatable levels by time:
     D:2: 757 daAuts
     D:1: 407 daAuts
